 Dungeon Crawl Stone Soup version 0.26.0-10-g1f06aea511 (webtiles) character file.

Game seed: 16516592167905606160

58394 HoaS the Brawler (level 14, -14/127 HPs)
             Began as a Ghoul Gladiator on Jan 21, 2021.
             Was the Champion of Makhleb.
             Demolished by an orc warrior
             ... wielding a +0 dire flail
              (25 damage)
             ... on level 11 of the Dungeon on Jan 22, 2021.
             The game lasted 00:33:28 (17496 turns).

HoaS the Brawler (Ghoul Gladiator)                 Turns: 17496, Time: 00:33:29

Health: -14/127    AC: 32    Str: 20    XL:     14   Next: 90%
Magic:  13/13      EV:  8    Int:  3    God:    Makhleb [******]
Gold:   2368       SH:  0    Dex: 13    Spells: 13/13 levels left

rFire    + . .     SeeInvis +     - Unarmed
rCold    + + +     Faith    .   (no shield)
rNeg     + + +     Spirit   .   o - +9 scales of the Dragon King {rPois rF+ rC+ Will+}
rPois    ∞         Reflect  .   b - +1 helmet
rElec    .         Harm     .   H - +2 cloak
rCorr    .         Rampage  .   (no gloves)
Will     ++...                  (no boots)
Stlth    ..........             p - amulet of regeneration
HPRegen  0.00/turn              j - ring of see invisible
MPRegen  0.13/turn              y - ring of protection from cold

@: mighty
A: claws 1, cold resistance 1, negative energy resistance 3, inhibited
regeneration, torment resistance, unbreathing
a: Renounce Religion, Minor Destruction, Lesser Servant of Makhleb, Major
Destruction, Greater Servant of Makhleb


You were on level 11 of the Dungeon.
You worshipped Makhleb.
Makhleb was exalted by your worship.
You visited 4 branches of the dungeon, and saw 20 of its levels.
You also visited: Bailey.

You collected 2368 gold pieces.

Inventory:

Missiles
 e - 25 poisoned darts
 m - 19 boomerangs
 u - 10 atropa-tipped darts
 D - 3 curare-tipped darts
 G - 6 silver boomerangs
Armour
 b - a +1 helmet (worn)
 o - the +9 scales of the Dragon King (worn) {rPois rF+ rC+ Will+}
   (You found it in a bailey)

   It protects you from fire.
   It protects you from cold.
   It protects you from poison.
   It affects your willpower, your defense against some magical effects.
 H - a +2 cloak (worn)
Jewellery
 j - a ring of see invisible (left claw)
 p - an amulet of regeneration (around neck)
 v - an uncursed ring of ice
 x - an uncursed ring of flight
 y - a ring of protection from cold (right claw)
 I - an uncursed ring of fire
Wands
 c - a wand of acid (8) (quivered)
 k - a wand of random effects (21)
 r - a wand of flame (14)
 C - a wand of enslavement (9)
 E - a wand of iceblast (8)
 F - a wand of paralysis (8)
Scrolls
 a - 11 scrolls of teleportation
 h - 4 scrolls of enchant armour
 l - a scroll of magic mapping
 q - 7 scrolls of identify
 s - 3 scrolls of remove curse
 z - 3 scrolls of fear
 B - 5 scrolls of blinking
 J - a scroll of summoning
Potions
 d - 3 potions of ambrosia
 f - 10 potions of curing
 g - 2 potions of flight
 i - 2 potions of invisibility
 n - 2 potions of might
 t - 3 potions of resistance
 w - a potion of cancellation


   Skills:
 + Level 12.9 Fighting
 - Level 1.7 Throwing
 + Level 10.8 Armour
 + Level 11.2 Dodging
 + Level 16.7 Unarmed Combat


You had 13 spell levels left.
You didn't know any spells.
Your spell library contained the following spells:

 Spells                   Type           Power        Failure   Level
 Animate Skeleton         Necr           0%           100%        1
 Apportation              Tloc           0%           100%        1
 Corona                   Hex            0%           100%        1
 Foxfire                  Conj/Fire      0%           100%        1
 Freeze                   Ice            0%           100%        1
 Magic Dart               Conj           0%           100%        1
 Pain                     Necr           0%           100%        1
 Sandblast                Erth           0%           100%        1
 Shock                    Conj/Air       0%           100%        1
 Summon Small Mammal      Summ           0%           100%        1
 Blink                    Tloc           N/A          100%        2
 Call Imp                 Summ           0%           100%        2
 Poisonous Vapours        Pois/Air       0%           100%        2
 Slow                     Hex            0%           100%        2
 Swiftness                Air            0%           100%        2
 Call Canine Familiar     Summ           0%           100%        3
 Conjure Flame            Conj/Fire      0%           100%        3
 Frozen Ramparts          Ice            0%           100%        3
 Inner Flame              Hex/Fire       0%           100%        3
 Mephitic Cloud           Conj/Pois/Air  0%           100%        3
 Ozocubu's Armour         Ice            0%           100%        3
 Portal Projectile        Hex/Tloc       0%           100%        3
 Static Discharge         Conj/Air       0%           100%        3
 Summon Guardian Golem    Hex/Summ       0%           100%        3
 Vampiric Draining        Necr           0%           100%        3
 Airstrike                Air            0%           100%        4
 Animate Dead             Necr           0%           100%        4
 Cause Fear               Hex            0%           100%        4
 Hailstorm                Conj/Ice       0%           100%        4
 Leda's Liquefaction      Hex/Erth       0%           100%        4
 Sticky Flame             Conj/Fire      0%           100%        4
 Summon Ice Beast         Ice/Summ       0%           100%        4
 Summon Lightning Spire   Summ/Air       0%           100%        4
 Agony                    Necr           0%           100%        5
 Fireball                 Conj/Fire      0%           100%        5
 Lee's Rapid Deconstruct  Erth           0%           100%        5
 Lightning Bolt           Conj/Air       0%           100%        5
 Freezing Cloud           Conj/Ice/Air   0%           100%        6
 Iron Shot                Conj/Erth      0%           100%        6
 Beastly Appendage        Tmut           Unusable     N/A         1
 Wereblood                Tmut           Unusable     N/A         2
 Spider Form              Tmut/Pois      Unusable     N/A         3
 Ice Form                 Ice/Tmut       Unusable     N/A         4
 Blade Hands              Tmut           Unusable     N/A         5
 Dragon Form              Tmut           Unusable     N/A         7

Dungeon Overview and Level Annotations

Branches:
Dungeon (12/15)            Temple (1/1) D:5            Lair (6/6) D:10
 Shoals (0/4) Lair:4       Spider (0/4) Lair:3        Slime (0/5) Lair:5
    Orc (1/2) D:11         Bailey (visited)

Altars:
Gozag
Hepliaklqana
Makhleb
Ru
Trog
Wu Jian
Beogh

Shops:
D:7 *   D:8 (   D:11 *

Annotations:
Lair:5 exclusion: oklob plant


Innate Abilities, Weirdness & Mutations

You thrive by killing the living.
You are immune to poison.
You have sharp fingernails.
Your flesh is cold resistant. (rC+)
You are immune to negative energy. (rN+++)
You do not regenerate when monsters are visible.
You are immune to unholy pain and torment.
You can survive without breathing.


Message History

The orc warlord is heavily wounded.
The orc warrior no longer looks unusually strong.
The orc warrior closely misses you.
You feel very mighty all of a sudden. The orc warlord barely misses you.
The orc warrior hits you with a +0 dire flail.
* * * LOW HITPOINT WARNING * * *
You claw the orc warlord!
The orc warlord is heavily wounded.
The orc warlord roars a battlecry!
The orc warrior goes into a battle-frenzy!
You claw the orc warlord!
The orc warlord is heavily wounded.
The orc warrior hits you with a +0 dire flail!
* * * LOW HITPOINT WARNING * * *
The orc warlord hits you but does no damage.
You claw the orc warlord!
The orc warlord is severely wounded.
The orc warrior hits you with a +0 dire flail!!
You die...

#...######## ######
###..........#
#....####......(####.#
####.##....).......# #.#
#.........##.......####.##
#.##.#.........#.(........
#.##...##o####..<#..###.##
#.###..##o# ##(##..# #.# #.#
#..##@# #(##..###.#
########.###..##o# #.##......##
...............#.#####...##.##...
##.#########...#.##......#8)8#.#[
#.####### #...................#.
#.#.....###.............#8.8#.#.
#.#.###.....<........#####.##.#.
#.#.# #####...#.##...# #.##.#.
##.#.# #.))#.###### #....#.


You could see an orc warlord, an orc warrior (strong) and an orc (strong).

Vanquished Creatures
  A fire dragon (Lair:6)
  4 hydras
  Fannar (Lair:1)
  2 centaur warriors
  2 two-headed ogres
  The ghost of bl3nd3r the Destroyer, a novice DsCj of Sif Muna (D:11)
  A swamp dragon (Lair:6)
  The ghost of Dirian the Cleaver, a novice HOFi of Beogh (D:6)
  An orc knight (Bailey)
  An orange crystal statue (D:12)
  2 wolf spiders (Lair:6)
  An oklob plant (Lair:2)
  An orc sorcerer (Orc:1)
  2 ugly things
  A guardian serpent (Lair:6)
  2 manticores
  6 elephants (Lair:6)
  7 black mambas
  An ice statue (D:12)
  18 cane toads
  Psyche (D:12)
  A kobold demonologist (D:11)
  3 rime drakes
  Maggie (D:9)
  7 komodo dragons
  5 polar bears
  4 trolls
  A slime creature (D:6)
  A jumping spider (Lair:3)
  A wind drake (Lair:4)
  2 hornets (Lair:6)
  23 blink frogs
  A shadow (D:11)
  4 redbacks
  A vampire (D:10)
  A wraith (D:12)
  16 wyverns
  Eustachio (D:6)
  45 yaks
  8 basilisks
  3 vampire mosquitoes (D:12)
  3 wargs
  3 acid dragons (Lair:6)
  23 water moccasins
  Duvessa (D:4)
  2 sky beasts
  19 orc warriors
  2 swamp drakes (Lair:6)
  6 black bears
  3 ice beasts
  2 phantoms
  10 wolves
  19 centaurs
  5 ogres
  2 big kobolds
  12 bullfrogs
  A gnoll sergeant (D:8)
  A scorpion (D:12)
  Dowan (D:4)
  13 killer bees
  8 wights
  A howler monkey (D:11)
  2 quasits (D:12)
  A centaur zombie (D:5)
  6 hounds
  3 jellies
  30 orc wizards
  5 bullfrog skeletons
  18 orc priests
  Crazy Yiuf (D:5)
  Terence (D:3)
  2 centaur skeletons
  5 iguanas
  8 worker ants
  Natasha (thrice) (D:2)
  A hound zombie (D:10)
  A hound skeleton (D:9)
  A worker ant zombie (D:5)
  9 gnolls
  12 adders
  2 shadow imps
  3 white imps
  2 ufetubi
  An ooze (D:4)
  An adder skeleton (D:6)
  3 worms
  The ghost of sanka the Sneak, a weakling NaDe (D:5)
  6 dart slugs
  A leopard gecko (D:3)
  85 orcs
  7 bats
  6 giant cockroaches
  11 hobgoblins
  26 jackals
  3 quokkas
  A ball python zombie (D:5)
  7 frilled lizards
  10 goblins
  A jackal skeleton (D:8)
  A jackal zombie (D:8)
  26 kobolds
  A leopard gecko skeleton (D:8)
  A leopard gecko zombie (D:7)
  A quokka skeleton (D:4)
  8 rats
647 creatures vanquished.

Vanquished Creatures (others)
  An iguana (Lair:6)
  9 fungi
  34 plants
44 creatures vanquished.

Grand Total: 691 creatures vanquished

Notes
Turn   | Place    | Note
-------+----------+-------------------------------------------
     0 | D:1      | HoaS the Ghoul Gladiator began the quest for the Orb.
     0 | D:1      | Reached XP level 1. HP: 17/17 MP: 0/0
    67 | D:1      | Reached XP level 2. HP: 24/24 MP: 1/1
    80 | D:1      | Reached skill level 4 in Unarmed Combat
   312 | D:1      | Reached XP level 3. HP: 28/29 MP: 2/2
   855 | D:2      | Noticed Natasha
   870 | D:2      | Killed Natasha
   871 | D:2      | Reached skill level 5 in Unarmed Combat
  1097 | D:2      | Noticed Natasha
  1102 | D:2      | Killed Natasha
  1103 | D:2      | Reached XP level 4. HP: 33/36 MP: 3/3
  1198 | D:2      | Noticed Natasha
  1230 | D:2      | Killed Natasha
  1231 | D:2      | Reached skill level 6 in Unarmed Combat
  1231 | D:2      | Reached XP level 5. HP: 28/41 MP: 4/4
  1609 | D:3      | Noticed Terence
  1633 | D:3      | Killed Terence
  1784 | D:3      | Reached skill level 7 in Unarmed Combat
  1979 | D:3      | Reached XP level 6. HP: 48/48 MP: 5/5
  2311 | D:4      | Noticed Dowan
  2708 | D:3      | Reached skill level 8 in Unarmed Combat
  2739 | D:4      | Killed Dowan
  2740 | D:4      | Reached XP level 7. HP: 55/55 MP: 6/6
  2742 | D:4      | Noticed Duvessa
  2757 | D:4      | Killed Duvessa
  2817 | D:4      | Reached skill level 9 in Unarmed Combat
  3271 | D:5      | Entered Level 5 of the Dungeon
  3307 | D:4      | Reached skill level 10 in Unarmed Combat
  3307 | D:4      | Reached XP level 8. HP: 20/61 MP: 7/7
  3614 | D:5      | Found a staircase to the Ecumenical Temple.
  3672 | Temple   | Entered the Ecumenical Temple
  3679 | Temple   | Became a worshipper of Makhleb the Destroyer
  3989 | D:5      | Found a runed translucent door.
  3990 | D:5      | Noticed Crazy Yiuf
  4140 | D:5      | Found a runed translucent gate.
  4141 | D:5      | Found a runed translucent gate.
  4146 | D:5      | Found a runed translucent gate.
  4146 | D:5      | Noticed sanka's ghost (weakling NaDe)
  4180 | D:5      | Killed sanka's ghost
  4470 | D:5      | Killed Crazy Yiuf
  4598 | D:6      | Reached skill level 11 in Unarmed Combat
  4901 | D:6      | Found a transporter.
  4903 | D:6      | Noticed a slime creature
  4930 | D:6      | Found a transporter.
  4932 | D:6      | Noticed Dirian's ghost (novice HOFi)
  4993 | D:6      | Noticed Eustachio
  4999 | D:6      | Killed Eustachio
  5000 | D:6      | Reached skill level 12 in Unarmed Combat
  5000 | D:6      | Reached XP level 9. HP: 68/68 MP: 8/8
  5059 | D:6      | Reached skill level 1 in Armour
  5389 | D:6      | Got a twisted leather armour
  5390 | D:6      | Identified the cursed +0 leather armour "Sothuado" {Harm
                  | Dex+2 Stlth+} (You found it on level 6 of the Dungeon)
  5462 | D:7      | Reached * piety under Makhleb
  5552 | D:7      | Found a runed translucent door.
  5728 | D:7      | Found Tiogebrang's Assorted Antiques.
  6288 | D:7      | Reached ** piety under Makhleb
  6326 | D:7      | Found a roughly hewn altar of Beogh.
  6419 | D:8      | Noticed a two-headed ogre
  6436 | D:8      | Killed a two-headed ogre
  6437 | D:8      | Reached skill level 5 in Fighting
  6437 | D:8      | Reached XP level 10. HP: 81/81 MP: 9/9
  6451 | D:8      | Reached skill level 5 in Dodging
  6500 | D:8      | Found a hazy altar of Hepliaklqana.
  6519 | D:8      | Found Laneymm's Weapon Emporium.
  6537 | D:8      | You fall into a shaft and drop 1 floor!
  6599 | D:8      | Found a flagged portal.
  6611 | Bailey   | Entered a bailey
  6823 | Bailey   | Reached *** piety under Makhleb
  6886 | Bailey   | Reached skill level 13 in Unarmed Combat
  6999 | Bailey   | Noticed an orc knight
  7248 | Bailey   | Killed an orc knight
  7338 | Bailey   | Found the +9 scales of the Dragon King {rPois rF+ rC+
                  | Will+}
  7340 | Bailey   | Identified the Guide on the Shifting Mountains
  7683 | D:8      | Reached skill level 5 in Armour
  8234 | D:9      | Noticed Maggie
  8246 | D:9      | Killed Maggie
  8247 | D:9      | Reached XP level 11. HP: 80/92 MP: 10/10
  8368 | D:9      | Reached **** piety under Makhleb
  8417 | D:9      | Found a bloodstained altar of Trog.
  8778 | D:10     | Entered Level 10 of the Dungeon
  9282 | D:10     | Found a staircase to the Lair.
  9562 | Lair:1   | Entered Level 1 of the Lair of Beasts
  9734 | Lair:1   | Noticed Fannar
  9786 | Lair:1   | Killed Fannar
  9787 | Lair:1   | Reached skill level 14 in Unarmed Combat
 10555 | D:6      | Killed Dirian's ghost
 10747 | Lair:2   | Reached XP level 12. HP: 71/103 MP: 11/11
 10786 | Lair:2   | Reached ***** piety under Makhleb
 10910 | Lair:2   | Identified a scroll of acquirement
 10910 | Lair:2   | Acquired 833 gold pieces
 10927 | Lair:2   | Noticed a five-headed hydra
 10945 | Lair:2   | Killed a five-headed hydra
 11685 | Lair:3   | Noticed a six-headed hydra
 11704 | Lair:3   | Killed a six-headed hydra
 11916 | Lair:3   | Reached skill level 10 in Fighting
 11959 | Lair:3   | Found a hole to the Spider Nest.
 12503 | Lair:4   | Found a staircase to the Shoals.
 12528 | Lair:4   | Reached skill level 15 in Unarmed Combat
 12560 | Lair:4   | Reached XP level 13. HP: 95/114 MP: 12/12
 13811 | Lair:5   | Found a staircase to the Slime Pits.
 14008 | Lair:6   | Entered Level 6 of the Lair of Beasts
 14155 | Lair:6   | Reached ****** piety under Makhleb
 14176 | Lair:6   | Reached skill level 10 in Dodging
 14534 | Lair:6   | Reached XP level 14. HP: 125/125 MP: 13/13
 14564 | Lair:6   | Reached skill level 16 in Unarmed Combat
 14622 | Lair:6   | Reached skill level 10 in Armour
 15764 | D:11     | Found a staircase to the Orcish Mines.
 15955 | D:11     | Found a sacrificial altar of Ru.
 15988 | D:11     | Found Toubb's General Store.
 16088 | D:11     | Found a large runed translucent door.
 16089 | D:11     | Found a large runed translucent door.
 16092 | D:11     | Noticed bl3nd3r's ghost (novice DsCj)
 16545 | D:11     | Killed bl3nd3r's ghost
 16628 | D:12     | Noticed Psyche
 16633 | D:12     | Killed Psyche
 17377 | D:12     | Lost intelligence.
 17433 | Orc:1    | Entered Level 1 of the Orcish Mines
 17440 | Orc:1    | Noticed an orc warlord
 17496 | D:11     | Demolished by an orc warrior

Illustrated notes

Levels and vault maps discovered:
D:1:      dpeg_chamrin_arrival_tetris, layout_basic, kennysheep_boxes
D:2:      layout_basic, uniq_natasha
D:3:      layout_loops_ring, uniq_terence
D:4:      layout_basic, uniq_duvessa
D:5:      layout_basic, minmay_temple_entry_water_ring,
          ebering_ghost_rock_garden, uniq_crazy_yiuf_cottage
D:6:      layout_loops_cross, gammafunk_ghost_arena, uniq_eustachio
D:7:      layout_loops_ring, serial_shops, nicolae_shop_waterfront,
          minmay_misc_feat_more_columns, chequers_serial_rivers_micro_a,
          lightli_church_of_beogh
D:8:      layout_basic, nzn_hepliaklqana_mist_gate, enter_bailey_2,
          serial_shops, shop_statue
D:9:      layout_stronghold, minmay_fountain_box, trog_hazing_becter,
          uniq_maggie
D:10:     layout_loops_ring, erik_lair_orcish_takeover
D:11:     layout_loops_ring, orc_0_dummy, serial_shops, shop_fountains,
          ebering_ghost_disaster_area, small_statue_intersection,
          nicolae_ru_sacrificial_ziggurat
D:12:     layout_basic, minmay_more_statues, uniq_psyche
Temple:   nicolae_temple_the_god_donut
Lair:1:   layout_chaotic_city, grunt_megastairs_4, uniq_fannar
Lair:2:   layout_chaotic_city, grunt_megastairs_1, lemuel_fruit_tree,
          serial_bayou_shore_a, minmay_lair_oklob_chamber, serial_bayou_shore_b,
          infiniplex_staircase_pool
Lair:3:   layout_roguey, spider_nest_entry_funnel_web, grunt_megastairs_3
Lair:4:   layout_regular_city, minmay_shoals_entry_beasts
Lair:5:   layout_cave_pods, slime_dummy
Lair:6:   hangedman_lair_tendril_chambers, layout_cave_pods,
          guppyfry_lair_end_dragon, minivault_19
Orc:1:    layout_caves, mines2_david

Skill      XL: |  1  2  3  4  5  6  7  8  9 10 11 12 13 14 |
---------------+-------------------------------------------+-----
Unarmed Combat | 4 5 6 7 8 10 12 13 14 15 16 | 16.7
Dodging        | 4 6 7 9 10 11 | 11.2
Armour         | 3 5 7 8 9 10 | 10.8
Fighting       | 5 7 8 10 11 12 | 12.9
Throwing       | |  1.7

Action                   |  1- 3 |  4- 6 |  7- 9 | 10-12 | 13-15 || total
-------------------------+-------+-------+-------+-------+-------++-------
Melee: Unarmed           |    79 |   189 |   356 |   803 |   968 ||  2395
       Punch             |     3 |     7 |    22 |    32 |    59 ||   123
Throw: Throwing net      |       |       |     3 |     1 |       ||     4
       Boomerang         |       |       |       |   131 |       ||   131
Evoke: Wand              |       |       |     1 |    27 |       ||    28
  Use: Scroll            |     2 |     8 |     7 |     8 |    12 ||    37
       Potion            |       |       |       |       |     2 ||     2
 Stab: Paralysed         |       |       |     6 |       |       ||     6
       Held in net/web   |       |       |     3 |       |       ||     3
Armor: Leather armour    |    17 |       |       |       |       ||    17
       Ring mail         |    16 |    28 |       |       |       ||    44
       Scale mail        |       |    33 |    13 |       |       ||    46
       Chain mail        |       |       |    94 |       |       ||    94
       Plate armour      |       |       |     3 |    88 |       ||    91
       Gold dragon scale |       |       |       |   580 |   856 ||  1436
Dodge: Dodged            |    47 |    79 |   109 |   255 |   377 ||   867
